 Dungeon Crawl Stone Soup version 0.14.1-24-gbdbe590 (webtiles) character file.

236 Ales the Poker (level 5, -1/47 HPs)
             Began as a Minotaur Berserker on June 21, 2014.
             Was a Believer of Trog.
             Slain by a gnoll
             ... wielding a +0,+0 halberd
              (17 damage)
             ... on Level 2 of the Dungeon.
             The game lasted 00:11:44 (2436 turns).

Ales the Poker (Minotaur Berserker)                 Turns: 2436, Time: 00:11:44

HP  -1/47        AC  2     Str 22      XL: 5   Next:  0%
MP   2/2         EV 13     Int  4      God: Trog [**....]
Gold 99          SH  0     Dex 10      Spells:  0 memorised,  4 levels left

rFire  + . .     SeeInvis .     a - +1,+0 spear
rCold  . . .     Clarity  .     b - +0 animal skin
rNeg   . . .     Conserve .     (no shield)
rPois  .         rCorr    .     (helmet restricted)
rElec  .         rRot     .     (no cloak)
SustAb . .       Spirit   .     (no gloves)
rMut   .         Warding  .     (no boots)
Saprov . . .     Stasis   .     (no amulet)
MR     .....                    (no ring)
                                d - ring of protection from fire

@: not resistant to hostile enchantments, unstealthy
A: retaliatory headbutt, horns 2
a: Burn Spellbooks, Berserk, Trog's Hand, Renounce Religion


You were on level 2 of the Dungeon.
You worshipped Trog.
Trog was pleased with you.
You were not hungry.

You visited 1 branch of the dungeon, and saw 2 of its levels.

You collected 99 gold pieces.

Inventory:

Hand weapons
 a - a +1,+0 spear (weapon)
 j - a +1,+0 spear
 p - a +0,+1 trident
Armour
 b - a +0 animal skin (worn)
 f - a +1 leather armour
 q - a +0 chain mail
 r - a +0 ring mail
Comestibles
 c - 2 bread rations
 k - a rambutan
 m - an apple
 o - 3 rotting chunks of human flesh
 t - a chunk of giant cockroach flesh
Jewellery
 d - a ring of protection from fire (left hand)
 n - an uncursed ring of sustain abilities {unknown}
Potions
 e - a potion of flight
 g - 2 potions of curing
 s - a potion of brilliance {unknown}


   Skills:
 + Level 4.6 Fighting
 + Level 5.0 Polearms
 + Level 2.7 Armour
 + Level 3.6 Dodging
 + Level 0.1 Stealth


You had 4 spell levels left.
You didn't know any spells.

Dungeon Overview and Level Annotations

Branches:
Dungeon (2/15)

Altars:


Innate Abilities, Weirdness & Mutations

You reflexively headbutt those who attack you in melee.
You have a pair of horns on your head.


Message History

You closely miss the bat. The bat closely misses you.
A gnoll comes into view. It is wielding a club.
The gnoll shouts!
The bat hits you. 2 gnolls come into view.
The gnoll shouts! x2
The bat barely misses you. You furiously retaliate!
You headbutt the bat!
You kill the bat!
Trog accepts your kill.
You have reached level 5!
A gnoll comes into view. It is wielding a club.
The gnoll shouts!
You hit the gnoll but do no damage. The gnoll barely misses you.
You hit the gnoll but do no damage.
The gnoll hits you from afar with a halberd!
You closely miss the gnoll. The gnoll hits you with a flail!
You barely miss the gnoll. You headbutt the gnoll!
The gnoll is severely wounded.
The gnoll hits you from afar with a halberd!
You die...

..##...#####.. .
..###.## ... #.#
### #.# #.. #.# .
#.# #.. #.# ..#
##'## #..##.##..#
##...## #.....g...
##.....## #..?.gg
##.......# ##.#g#
#.........####..@.#
'.........+.......#
#.........####....#
##.......# ##.#.#
##.....# ###.#
##...# ####.# #+#
#....# #.# #.####
#.# #.#


You could see 4 gnolls.

Vanquished Creatures
  Ijyb (D:2)
  Terence (D:2)
  3 adders (D:2)
  3 giant mites (D:1)
  A worm (D:2)
  An ooze (D:2)
  A ball python (D:1)
  6 bats
  4 giant cockroaches
  6 goblins
  7 hobgoblins
  4 jackals (D:1)
  A quokka (D:2)
  3 giant geckos
  3 giant newts
  4 kobolds
  5 rats
54 creatures vanquished.

Notes
Turn   | Place    | Note
--------------------------------------------------------------
     0 | D:1      | Ales, the Minotaur Berserker, began the quest for the Orb.
     0 | D:1      | Reached XP level 1. HP: 19/19 MP: 1/1
    32 | D:1      | Reached XP level 2. HP: 17/27 MP: 1/1
   226 | D:1      | Reached skill level 4 in Fighting
   398 | D:1      | Reached XP level 3. HP: 30/33 MP: 2/2
   427 | D:1      | Acquired Trog's second power
  1586 | D:2      | Reached XP level 4. HP: 41/41 MP: 2/2
  1654 | D:2      | Noticed Ijyb
  1696 | D:2      | Killed Ijyb
  2041 | D:2      | Reached skill level 5 in Polearms
  2159 | D:2      | Noticed Terence
  2168 | D:2      | Killed Terence
  2430 | D:2      | Reached XP level 5. HP: 45/47 MP: 2/2
  2436 | D:2      | Slain by a gnoll

Action                   |  1- 3 |  4- 6 || total
-------------------------+-------+-------++-------
Melee: Spear             |   100 |    90 ||   190
  Use: Scroll            |     6 |     2 ||     8
       Potion            |       |     1 ||     1
